Map: [ESL] Moondance

Players

Serral - Winner!

  • Race: Zerg Zerg
  • League: Grandmaster
  • Spawn Location: 6:00

maru

  • Race: Terran Terran
  • League: Diamond
  • Spawn Location: 12:00

Event: TSL 9

VOD

https://liquipedia.net/starcraft2/TeamLiquid_StarLeague/9

Description

Serral does a roach/ling all in vs Maru.

Time

  • Played on: Sept. 4, 2022, 12:31 p.m.
  • Length: 8:02

All games in this series

Show
View Real Time Build Order
Export as new Build Order

Serral Zerg - Winner!

Build Orders: Hatch First 

Get SALT Encoding   

  12  0:00  Drone  
  13  0:12  Overlord  
  13  0:16  Drone  
  14  0:30  Drone x2  
  16  0:47  Hatchery  
  15  0:50  Drone  
  15  0:54  Drone  
  17  0:57  Drone  
  18  1:07  Extractor  
  17  1:13  Spawning Pool  
  17  1:15  Drone  
  17  1:19  Drone  
  18  1:27  Drone  
  19  1:38  Drone  
  20  1:48  Drone  
  21  1:59  Queen x2  
  21  2:00  Zergling x4  
  27  2:10  Overlord  
  27  2:11  Drone  
  28  2:21  Hatchery  
  27  2:24  Drone  
  27  2:29  Drone  
  29  2:31  Drone  
  29  2:33  Drone  
  29  2:36  Metabolic Boost  
  31  2:44  Queen  
  31  2:50  Overlord  
  33  2:52  Drone  
  33  2:54  Drone  
  33  2:56  Drone  
  36  3:04  Overlord  
  35  3:08  Drone  
  35  3:09  Drone x3  
  39  3:15  Queen  
  41  3:24  Roach Warren  
  41  3:25  Drone  
  41  3:26  Drone  
  42  3:27  Extractor  
  42  3:29  Drone  
  42  3:30  Drone  
  43  3:35  Drone  
  44  3:41  Drone x2  
  44  3:42  Drone x2  
  44  3:44  Overlord  
  48  3:49  Zergling x4  
  48  3:53  Zergling x2  
  48  3:54  Overlord  
  51  4:06  Roach x5  
  51  4:09  Roach  
  63  4:15  Overlord  
  63  4:16  Roach  
  61  4:26  Roach  
  61  4:27  Roach x2  
  61  4:31  Zergling x8  
  70  4:33  Overlord  
  70  4:37  Ravager  
  72  4:42  Ravager  
  72  4:43  Zergling x8  
  77  4:49  Overlord  
  77  4:53  Ravager  
  77  4:54  Zergling x8  
  82  5:01  Overlord  
  82  5:04  Zergling x6  
  85  5:07  Ravager  
  86  5:17  Zergling x14  
  91  5:28  Zergling x10  
  93  5:38  Zergling x8  
  85  5:43  Zergling x4  
  85  5:48  Zergling x2  
  81  5:54  Zergling x4  
  78  5:57  Lair  
  78  5:58  Zergling x2  
  78  6:00  Zergling x2  
  65  6:05  Zergling x12  
  66  6:14  Drone x5  
  66  6:16  Drone  
  66  6:17  Drone  
  64  6:26  Drone x2  
  65  6:32  Extractor  
  65  6:34  Drone x5, Extractor  
  67  6:44  Overlord  
  67  6:53  Roach x4  
  67  6:54  Roach x3  
  81  7:00  Overseer  
  81  7:02  Roach x4, Overseer  
  89  7:11  Pneumatized Carapace  
  89  7:15  Queen x2  
  93  7:27  Roach x3  
  97  7:35  Ravager x3  
  97  7:36  Drone x3  
  98  7:45  Ravager  
Show
View Real Time Build Order
Export as new Build Order

maru Terran 

Build Orders:  

Get SALT Encoding   

  12  0:00  SCV  
  13  0:12  SCV  
  14  0:16  Supply Depot  
  14  0:24  SCV  
  15  0:38  SCV  
  15  0:39  Barracks  
  15  0:42  Refinery  
  16  0:50  SCV  
  17  1:02  SCV  
  18  1:14  SCV  
  19  1:26  Marine, Orbital Command  
  20  1:37  Command Center  
  20  1:48  Factory  
  20  1:52  SCV  
  21  2:02  Refinery, Barracks Reactor  
  21  2:04  SCV  
  22  2:08  Supply Depot  
  22  2:16  SCV  
  23  2:30  SCV  
  23  2:33  Hellion  
  23  2:34  Starport  
  26  2:39  Marine x2  
  26  2:42  SCV  
  29  2:49  Orbital Command  
  29  2:54  SCV  
  29  2:55  Widow Mine  
  32  2:59  Marine x2  
  34  3:07  SCV  
  34  3:12  Medivac  
  37  3:16  SCV  
  37  3:19  SCV  
  39  3:20  Supply Depot  
  39  3:26  Marine  
  40  3:28  Hellion  
  40  3:29  Hellion  
  40  3:30  SCV  
  40  3:33  SCV  
  46  3:43  Starport Tech Lab, SCV  
  46  3:44  Supply Depot  
  46  3:46  Marine  
  46  3:48  SCV  
  49  3:53  Hellion x2  
  49  3:55  SCV  
  54  4:05  Barracks Tech Lab  
  54  4:06  Raven, SCV  
  54  4:07  Supply Depot, SCV  
  58  4:18  SCV  
  58  4:19  SCV  
  60  4:26  Marine  
  60  4:30  SCV  
  61  4:31  SCV  
  61  4:35  Barracks  
  61  4:37  Supply Depot, Barracks  
  61  4:42  SCV  
  61  4:43  SCV  
  61  4:45  Marine  
  64  4:46  Factory Tech Lab  
  64  4:48  Banshee  
  64  4:52  Supply Depot  
  67  4:53  Supply Depot  
  67  4:54  SCV  
  68  5:01  SCV  
  69  5:10  Supply Depot x2  
  64  5:31  Marine x2  
  64  5:32  Siege Tank  
  67  5:42  SCV  
  56  5:49  Marine x2, Banshee  
  43  5:50  Orbital Command  
  43  5:54  SCV  
  26  6:06  SCV  
  26  6:07  Marine x2  
  25  6:12  Orbital Command  
  25  6:18  SCV  
  24  6:25  Marine x2  
  24  6:30  SCV  
  25  6:41  SCV  
  25  6:42  SCV  
  27  6:53  SCV  
  28  6:54  SCV  
  28  6:55  Marine  
  30  7:05  SCV  
  30  7:06  SCV  
  32  7:14  Command Center  
  32  7:17  SCV  
  32  7:18  SCV  
  32  7:19  Marine x3  
  37  7:29  SCV  
  38  7:31  SCV  
  36  7:37  Marine x3  
  36  7:41  SCV  
  36  7:43  SCV  
  41  7:51  Supply Depot  
Tags
 
Add a new tag
Caveats
  • Supply blocks, unpowered buildings, or Contaminate may cause inaccurate times.
  • Supply counts are checked every 10 seconds.